[Event "Polar Bears 2nd Internal tourney"]
[Site "FICS, San Jose, California USA"]
[Date "2008.02.25"]
[Time "14:17:40"]
[Round "-"]
[White "DogGhost"]
[Black "Neodymium"]
[WhiteElo "1612"]
[BlackElo "1553"]
[TimeControl "1800+30"]
[Mode "ICS"]
[Result "1-0"]

1. e4 e5 2. Nf3 Nc6 3. d4 exd4 4. Bc4 d6 5. c3 Bg4 6. h3 Bh5 7. g4 Bg6 8. Nxd4
Bxe4 9. Nxc6 Bxc6 10. Qe2+ Qe7 11. O-O Qxe2 12. Bxe2 O-O-O 13. Nd2 Be7 14. Bf3
Bb5 15. c4 Ba6 16. b4 Bh4 17. b5 Bxb5 18. cxb5 Nf6 19. Bb2 Kb8 20. Ne4 Nxe4
21. Bxe4 f6 22. Rad1 Rhe8 23. f3 Rh8 24. a4 Rde8 25. Rd3 Bg3 26. a5 Be5
27. Rb1 Bxb2 28. Rxb2 Re5 29. Rd5 Rhe8 30. Rbd2 g6 31. R2d4 Rxd5 32. Rxd5
Re5 33. Kf2 Kc8 34. Ke3 b6 35. a6 Kd7 36. f4 Rxd5 37. Bxd5 h6 38. Ke4 Ke7
39. Bg8 Kf8 40. Be6 Ke7 41. f5 g5 42. Kd5 c5 43. bxc6
{Black resigns} 1-0

[Event "Polar Bears 2nd Internal tourney"]
[Site "FICS, San Jose, California USA"]
[Date "2008.02.25"]
[Time "20:11:35"]
[Round "-"]
[White "Neodymium"]
[Black "alexborz"]
[WhiteElo "1546"]
[BlackElo "1647"]
[TimeControl "1800+30"]
[Mode "ICS"]
[Result "0-1"]

1. e4 e5 2. Nf3 Nc6 3. d4 exd4 4. Bc4 Bc5 5. a3 a5 6. Bg5 f6 7. Bh4 Nge7
8. Ng5 fxg5 9. Bxg5 Ne5 10. Qh5+ g6 11. Qh6 Nxc4 12. Qg7 Rf8 13. Bh6 Ng8
14. Nd2 Nxh6 15. Nxc4 Ng4 16. O-O Qh4 17. h3 Nxf2 18. Kh2 d6 19. Rxf2 Rxf2
20. e5 Qxh3+
{White resigns} 0-1

[Event "Polar Bears 2nd Internal tourney"]
[Site "Free Internet Chess Server"]
[Date "2008.02.27"]
[Round "-"]
[White "ALEXYAT"]
[Black "alexborz"]
[Result "1-0"]
[WhiteElo "1685"]
[BlackElo "1665"]
[ECO "C44"]
[TimeControl "1800+30"]

1. e4 e5 2. Nf3 Nc6 3. d4 exd4 4. Bc4 Bc5 5. O-O d6 6. Ng5 Ne5 7. Be2 h6 8. 
Nf3 Nf6 9. Nxd4 Nxe4 10. Bf4 O-O 11. f3 Qf6 12. fxe4 Bxd4+ 13. Kh1 Bxb2 14. 
Bc1 Qh4 15. Bxb2 Qxe4 16. Nd2 Qc6 17. Nf3 Ng4 18. Qd4 f6 19. h3 Ne5 20. Nxe5 
dxe5 21. Qc4+ Qxc4 22. Bxc4+ Kh7 23. Bxe5 Bd7 24. Bxc7 Rfc8 25. Bd3+ Kh8 26. 
Bf4 b5 27. Rab1 a6 28. Rfe1 g5 29. Bd2 Re8 30. Rxe8+ Rxe8 31. Re1 Rxe1+ 32. 
Bxe1 f5 33. Kg1 Kg7 34. Kf2 h5 35. Ke3 g4 36. Kf4 Kg6 37. h4 Kf6 38. Bc3+ Kg6 
39. g3 Be6 40. a3 Bd7 41. Be5 Be6 42. c3 Bd7 43. c4 bxc4 44. Bxc4 a5 45. Bc3 
a4 46. Bd2 Bc6 47. Bd3 Bd7 48. Ke5 Bc8 49. Bc4 Bd7 50. Be6 Bb5 51. Bxf5+ Kg7 
52. Be4 Bc4 53. Kf5 Bf7 54. Bc6 Bb3 55. Kg5 Kf7 56. Kxh5 {alexborz resigns} 
1-0

[Event "Polar Bears 2nd Internal tourney"]
[Site "FICS, San Jose, California USA"]
[Date "2008.02.28"]
[Time "20:17:46"]
[Round "-"]
[White "tujhbq"]
[Black "alexborz"]
[WhiteElo "1497"]
[BlackElo "1656"]
[TimeControl "1800+30"]
[Mode "ICS"]
[Result "0-1"]

1. e4 e5 2. Nf3 Nc6 3. d4 exd4 4. Bc4 Bc5 5. Bf4 d6 6. c3 dxc3 7. Nxc3 Bg4
8. h3 Bxf3 9. Qxf3 Nd4 10. Qd1 Nf6 11. O-O O-O 12. Re1 h6 13. e5 dxe5 14. Bxe5
Re8 15. Rc1 c6 16. Na4 Bb4 17. Nc3 Nf5 18. Qxd8 Raxd8 19. Bxf6 Rxe1+ 20. Rxe1
gxf6 21. a3 Bxc3 22. bxc3 b5 23. Ba2 a5 24. Bb1 Nd6 25. Rd1 Nb7 26. Re1
a4 27. Be4 Na5 28. g4 Rd6 29. Kg2 Nc4 30. Ra1 Re6 31. Bf3 Kg7 32. Kf1 Kg6
33. Be2 Nd2+ 34. Ke1 Nf3+ 35. Kd1 Ng1 36. Bd3+ Kg5 37. Kc2 Nxh3 38. Bf5
Re2+ 39. Kd3 Rxf2 40. Bd7 Nf4+ 41. Ke3 Rc2 42. Rf1 Rxc3+ 43. Ke4 Nd5 44. Rf5+
Kg6 45. Bxc6 Ne7 46. Rxb5 Nxc6 47. Kd5 Ne5 48. Kd4 Rxa3 49. Ra5 Nc6+
{White resigns} 0-1

[Event "Polar Bears 2nd Internal tourney"]
[Site "FICS, San Jose, California USA"]
[Date "2008.02.28"]
[Time "19:17:12"]
[Round "-"]
[White "Tusendus"]
[Black "tujhbq"]
[WhiteElo "1528"]
[BlackElo "1488"]
[TimeControl "1800+30"]
[Mode "ICS"]
[Result "0-1"]

1. e4 e5 2. Nf3 Nc6 3. d4 exd4 4. Bc4 h6 5. Nxd4 Bc5 6. Nxc6 Qh4 7. Nd4
Qxe4+ 8. Qe2 Qxe2+ 9. Bxe2 Bxd4 10. O-O Nf6 11. c3 Bb6 12. Nd2 d6 13. Nc4
Bc5 14. b4 Bb6 15. Nxb6 axb6 16. Re1 O-O 17. Bf3 c6 18. Be3 Nd5 19. Bxd5
cxd5 20. Bxb6 Be6 21. Bc7 Rfc8 22. Bxd6 Rxc3 23. Be5 Rca3 24. Re2 Rd8 25. Rd2
Rc8 26. Bd6 b5 27. Rb2 d4 28. Bc5 d3 29. Rd2 Rca8 30. g3 Bxa2 31. Re1 Bc4
32. Kg2 Ra2 33. Be3 R8a4 34. Rxa2 Rxa2 35. Rd1 Rb2 36. Bc5 d2 37. f3 Be2
38. Bd4 Ra2 39. Rg1 d1=Q 40. Rxd1 Bxd1+ 41. Kh3 Bxf3
{White resigns} 0-1

[Event "Polar Bears 2nd Internal tourney"]
[Site "FICS, San Jose, California USA"]
[Date "2008.03.01"]
[Time "20:46:00"]
[Round "-"]
[White "Neodymium"]
[Black "tujhbq"]
[WhiteElo "1538"]
[BlackElo "1512"]
[TimeControl "1800+30"]
[Mode "ICS"]
[Result "1-0"]

1. e4 e5 2. Nf3 Nc6 3. d4 exd4 4. Bc4 Bc5 5. O-O h6 6. c3 dxc3 7. Nxc3 Na5
8. Bxf7+ Kf8 9. Ne5 Ne7 10. Qf3 d6 11. Bh5+ Kg8 12. Nf7 Qf8 13. Nxh8 Qxf3
14. Bxf3 Kxh8 15. Re1 Ng6 16. Bh5 Ne5 17. Be3 Bxe3 18. Rxe3 Nec4 19. Re2
Nc6 20. Rd1 a6 21. Nd5 Bd7 22. Nxc7 Rc8 23. Nd5 N6e5 24. Ne7 Rc5 25. Ng6+
Nxg6 26. Bxg6 Rg5 27. Bf7 Ne5 28. Rxd6 Bb5 29. Rd8+
{Black resigns} 1-0

[Event "Polar Bears 2nd Internal tourney"]
[Site "FICS, San Jose, California USA"]
[Date "2008.03.03"]
[Time "22:38:59"]
[Round "-"]
[White "Tusendus"]
[Black "alexborz"]
[WhiteElo "1560"]
[BlackElo "1661"]
[TimeControl "1800+30"]
[Mode "ICS"]
[Result "1-0"]

1. e4 e5 2. Nf3 Nc6 3. d4 exd4 4. Bc4 Bc5 5. c3 dxc3 6. Nxc3 d6 7. Qb3 Qd7
8. Ng5 Nh6 9. f4 Nd4 10. Qd1 f6 11. Nf3 Nxf3+ 12. Qxf3 Ng4 13. f5 Ne5 14. Qh5+
Nf7 15. Bd2 a6 16. Be6 Qc6 17. Qxf7+ Kd8 18. Qxg7 Re8 19. Qxf6+ Re7 20. Nd5
Bf2+ 21. Kxf2 Qc5+ 22. Kf3
{Black resigns} 1-0

[Event "Polar Bears 2nd Internal tourney"]
[Site "FICS, San Jose, California USA"]
[Date "2008.03.04"]
[Time "21:37:31"]
[Round "-"]
[White "alexborz"]
[Black "Tusendus"]
[WhiteElo "1651"]
[BlackElo "1549"]
[TimeControl "1800+30"]
[Mode "ICS"]
[Result "1-0"]

1. e4 e5 2. Nf3 Nc6 3. d4 exd4 4. Bc4 Bc5 5. O-O d6 6. c3 dxc3 7. Nxc3 Nf6
8. e5 dxe5 9. Qxd8+ Kxd8 10. Bxf7 Ke7 11. Bc4 Re8 12. Nb5 Bb6 13. b3 a6
14. Ba3+ Kd8 15. Rad1+ Bd7 16. Nc3 Nd4 17. Bf7 Nxf3+ 18. gxf3 Rh8 19. Rfe1
Bd4 20. Ne4 c6 21. f4 Kc7 22. fxe5 Bxe5 23. Nc5 Bd6 24. Ne6+ Bxe6 25. Bxd6+
Kb6 26. Bxe6 Rad8 27. Bf4 Rhf8 28. Bg5 Rfe8 29. Bf7 Rf8 30. Bxf6 Rxd1 31. Rxd1
Rxf7 32. Be5 g6 33. Kg2 Kb5 34. Rd4 b6 35. Rh4 c5 36. a4+ Kc6 37. b4 cxb4
38. Rxb4 Kc5 39. Rb1 b5 40. axb5 axb5 41. Rc1+ Kb4 42. Bd6+ Ka4 43. Ra1+
Kb3 44. Rb1+ Kc4 45. Kg3 Rf5 46. f3 h5 47. h3 g5 48. Rb4+ Kc3 49. Be7 Re5
50. Bf6 Kxb4 51. Bxe5 Kc4 52. Bf6 b4 53. Bxg5 b3 54. Bf6 Kd3 55. Kh4 Ke3
56. Kxh5 Kxf3 57. Kg5 Ke4 58. h4 Kd5 59. h5 Ke6 60. Kg6 Kd7 61. h6 Ke8 62. h7
{Black resigns} 1-0

[Event "Polar Bears 2nd Internal tourney"]
[Site "FICS, San Jose, California USA"]
[Date "2008.03.05"]
[Time "18:01:20"]
[Round "-"]
[White "DogGhost"]
[Black "tujhbq"]
[WhiteElo "1604"]
[BlackElo "1520"]
[TimeControl "1800+30"]
[Mode "ICS"]
[Result "0-1"]

1. e4 e5 2. Nf3 Nc6 3. d4 exd4 4. Bc4 Bc5 5. a3 d6 6. b4 Bb6 7. O-O Bg4
8. h3 Bh5 9. g4 Bg6 10. Nh4 Qxh4 11. Bxf7+ Bxf7 12. Nc3 Qxh3 13. Nd5 Bxd5
14. exd5 Ne5 15. Bf4 Nf3+ 16. Qxf3 Qxf3 17. g5 Qxf4 18. g6 hxg6 19. Rfe1+
Ne7 20. Rxe7+ Kxe7 21. Re1+ Kd7 22. Re4 Qh2+ 23. Kf1 Qh1+ 24. Ke2 Qxe4+
25. Kd1 Rh1+ 26. Kd2 Qf4+ 27. Kd3 Rh3+ 28. Kc4 Qxf2 29. a4 Qxc2+ 30. Kb5
a6#
{White checkmated} 0-1

[Event "Polar Bears 2nd Internal tourney"]
[Site "Free Internet Chess Server"]
[Date "2008.03.06"]
[Round "-"]
[White "tujhbq"]
[Black "Neodymium"]
[Result "0-1"]
[WhiteElo "1524"]
[BlackElo "1545"]
[ECO "C44"]
[TimeControl "1800+30"]

1. e4 e5 2. Nf3 Nc6 3. d4 exd4 4. Bc4 Bc5 5. c3 Qe7 6. Bd5 dxc3 7. Nxc3 h6 8. 
Nb5 Bxf2+ 9. Kxf2 Qc5+ 10. Nbd4 Nxd4 11. Qxd4 Qxd4+ 12. Nxd4 Nf6 13. Bf4 c6 
14. Bb3 O-O 15. Bd6 Nxe4+ 16. Kf3 Nxd6 17. Rhe1 Re8 18. Rxe8+ Nxe8 19. Re1 
Kf8 20. Nf5 d5 21. Nd4 Nf6 22. h3 Ne4 23. Bc2 Nf6 24. g4 Bd7 25. Nf5 Bxf5 26. 
Bxf5 Re8 27. Rxe8+ Kxe8 28. Bc8 b6 29. Bb7 Kd7 30. b4 b5 31. Kf4 Kc7 32. Ba8 
Ng8 33. g5 hxg5+ 34. Kxg5 Ne7 35. Kf4 f6 36. Ke3 Kb8 37. Bxc6 Nxc6 38. a3 Kc7 
39. h4 Kd6 40. h5 Ke5 41. Kf3 a6 42. Ke3 d4+ 43. Kd3 f5 44. Ke2 Ke4 45. Kd2 
f4 46. Ke2 d3+ 47. Kd2 f3 48. Ke1 Ke3 49. Kf1 d2 50. Kg1 d1=Q+ 51. Kh2 f2 52. 
Kg2 f1=Q+ 53. Kh2 Qh1+ 54. Kg3 Qdg1#
{White checkmated} 0-1

[Event "Polar Bears 2nd Internal tourney"]
[Site "Free Internet Chess Server"]
[Date "2008.03.06"]
[Round "-"]
[White "ALEXYAT"]
[Black "Tusendus"]
[Result "1-0"]
[WhiteElo "1708"]
[BlackElo "1524"]
[ECO "C44"]
[TimeControl "1800+30"]

1. e4 e5 2. Nf3 Nc6 3. d4 exd4 4. Bc4 Bc5 5. c3 dxc3 6. Nxc3 Be7 7. O-O d6 8. 
Nd4 Bd7 9. Nd5 Nf6 10. Nxf6+ Bxf6 11. Nf5 Ne5 12. Bd5 c6 13. Nxd6+ Ke7 14. 
Bb3 b5 15. f4 Ng4 16. Nxf7 Qb6+ 17. Kh1 Nf2+ 18. Rxf2 Qxf2 19. Qd6+ Ke8 20. 
Bd2 Be7 21. Qe5 Rf8 22. Nd6+ Kd8 23. Ba5+ {Tusendus resigns} 1-0

[Event "Polar Bears 2nd Internal tourney"]
[Site "Free Internet Chess Server"]
[Date "2008.03.06"]
[Round "-"]
[White "ALEXYAT"]
[Black "tujhbq"]
[Result "1-0"]
[WhiteElo "1671"]
[BlackElo "1512"]
[ECO "C44"]
[TimeControl "1800+30"]

1. e4 e5 2. Nf3 Nc6 3. d4 exd4 4. Bc4 Nf6 5. Bg5 Be7 6. Nbd2 d6 7. h3 h6 8. 
Bh4 Be6 9. Bb5 a6 10. Bxc6+ bxc6 11. Nxd4 Bd7 12. O-O c5 13. Nf5 Bxf5 14. 
exf5 O-O 15. Nc4 Nd7 16. Bxe7 Qxe7 17. Re1 Qf6 18. Qf3 Rfe8 19. c3 Ne5 20. 
Nxe5 dxe5 21. Re2 Re7 22. Qxa8+ Kh7 23. Rae1 Qxf5 24. Qe4 Qxe4 25. Rxe4 f6 
26. f4 c6 27. fxe5 Rxe5 28. Rxe5 fxe5 29. Rxe5 Kg6 30. Rxc5 Kf6 31. Rxc6+ Ke5 
32. Rxa6 Ke4 33. Kf2 Kd3 {tujhbq resigns} 1-0

[Event "Polar Bears 2nd Internal tourney"]
[Site "FICS, San Jose, California USA"]
[Date "2008.03.07"]
[Time "20:20:40"]
[Round "-"]
[White "Tusendus"]
[Black "ALEXYAT"]
[WhiteElo "1527"]
[BlackElo "1641"]
[TimeControl "1800+30"]
[Mode "ICS"]
[Result "1-0"]

1. e4 e5 2. Nf3 Nc6 3. d4 exd4 4. Bc4 Bb4+ 5. c3 dxc3 6. bxc3 Bc5 7. Qd5
Qe7 8. Ng5 Ne5 9. Bb3 Nf6 10. Qd1 d6 11. O-O O-O 12. Kh1 h6 13. f4 Ng6 14. f5
Ne5 15. Nf3 Nxe4 16. Nxe5 Qxe5 17. Qf3 Bxf5 18. Qxf5 Qxf5 19. Rxf5 Nf2+
20. Rxf2 Bxf2 21. Nd2 Rae8 22. Nf3 Be3 23. Bb2 Kh8 24. Rf1 f5 25. Nh4 Re5
26. Ng6+
{Black resigns} 1-0

[Event "Polar Bears 2nd Internal tourney"]
[Site "Free Internet Chess Server"]
[Date "2008.03.06"]
[Round "-"]
[White "alexborz"]
[Black "ALEXYAT"]
[Result "1/2-1/2"]
[WhiteElo "1645"]
[BlackElo "1712"]
[ECO "C44"]
[TimeControl "1800+30"]

1. e4 e5 2. Nf3 Nc6 3. d4 exd4 4. Bc4 Nf6 5. O-O Be7 6. c3 Nxe4 7. Qb3 O-O 8. 
Re1 Nc5 9. Qa3 Nd3 10. Rxe7 Nxe7 11. Bxd3 dxc3 12. Nxc3 d5 13. Bg5 f6 14. Bh4 
Nf5 15. Qb4 Nxh4 16. Nxh4 b6 17. Rd1 c5 18. Qf4 d4 19. Qf3 Be6 20. Qh5 f5 21. 
Nxf5 Bxf5 22. Bxf5 g6 23. Be6+ Kg7 24. Qh3 Qf6 25. Ne4 Qe5 26. f3 Rad8 27. 
Rd3 b5 28. b3 Rd6 29. Bg4 c4 30. bxc4 bxc4 31. Rd1 Ra6 32. Qg3 Qxg3 33. hxg3 
d3 34. Rd2 Ra3 35. Be6 Ra4 36. Kf2 Rb4 37. a3 Ra4 38. Nd6 Kf6 39. Bxc4 Rxa3 
40. Rxd3 Rxd3 41. Bxd3 Ke5 42. Nb7 Kd4 43. Be4 Rf6 44. g4 h6 45. Na5 g5 46. 
Bf5 Kc5 47. Ke3 Kb4 48. Nb7 a5 49. Nxa5 Kxa5 50. f4 Kb6 51. Ke4 Kc5 52. Ke5 
Rf8 53. fxg5 hxg5 54. Ke6 Kd4 55. Ke7 Rh8 56. Kf6 Rg8 57. Bg6 Ke3 58. Kxg5 
Kf2 59. Kh6 Kxg2 60. g5 Kg3 61. Kh7 Rd8 62. Bf7 Rd4 {Game drawn by mutual 
agreement} 1/2-1/2

[Event "Polar Bears 2nd Internal tourney"]
[Site "Free Internet Chess Server"]
[Date "2008.03.09"]
[Round "-"]
[White "alexborz"]
[Black "Neodymium"]
[Result "0-1"]
[WhiteElo "1645"]
[BlackElo "1542"]
[ECO "C44"]
[TimeControl "1800+30"]

1. e4 e5 2. Nf3 Nc6 3. d4 exd4 4. Bc4 Bc5 5. O-O h6 6. c3 dxc3 7. Qb3 Qe7 8. 
Nxc3 Na5 9. Qa4 Nxc4 10. Nd5 Nb6 11. Qc2 Nxd5 12. exd5 Qd6 13. Re1+ Ne7 14. 
Ne5 O-O 15. Bf4 Bb6 16. Rad1 Ng6 17. Nxg6 Qxg6 18. Qxg6 fxg6 19. Bg3 d6 20. 
Re7 Bf5 21. Rde1 Rf7 22. R7e2 Raf8 23. a4 a5 24. h3 Bd3 25. Rd2 Ba6 26. Re4 
g5 27. h4 gxh4 28. Rxh4 Re8 29. Rf4 Rxf4 30. Bxf4 Re1+ 31. Kh2 Ra1 32. b3 Rb1 
33. f3 Rxb3 34. Kh3 Rb4 35. g3 Rxa4 36. Rd1 Rd4 37. Re1 Kf7 38. Kg4 Rxd5 39. 
Kh4 g5+ 40. Bxg5 Rxg5 41. f4 Rd5 {alexborz resigns} 0-1

[Event "Polar Bears 2nd Internal tourney"]
[Site "FICS, San Jose, California USA"]
[Date "2008.03.09"]
[Time "19:13:39"]
[Round "-"]
[White "tujhbq"]
[Black "ALEXYAT"]
[WhiteElo "1517"]
[BlackElo "1630"]
[TimeControl "1800+30"]
[Mode "ICS"]
[Result "1-0"]

1. e4 e5 2. Nf3 Nc6 3. d4 exd4 4. Bc4 h6 5. c3 dxc3 6. Nxc3 Nf6 7. O-O Bc5
8. h3 O-O 9. e5 Nh7 10. Re1 d6 11. Be3 Bxe3 12. Rxe3 dxe5 13. Nxe5 Nxe5
14. Rxe5 Qf6 15. Qe2 Bd7 16. Nd5 Qd6 17. Rd1 Kh8 18. Ne7 Qb6 19. Rxd7 Nf6
20. Rd1 c6 21. b3 Qc7 22. a4 a6 23. g4 b5 24. axb5 axb5 25. Bd3 Rae8 26. h4
Nd5 27. Qe4 f5 28. Rxf5 Qxe7 29. Rxf8+
{Black resigns} 1-0

[Event "Polar Bears 2nd Internal tourney"]
[Site "FICS, San Jose, California USA"]
[Date "2008.03.12"]
[Time "19:10:33"]
[Round "-"]
[White "alexborz"]
[Black "tujhbq"]
[WhiteElo "1631"]
[BlackElo "1510"]
[TimeControl "1800+30"]
[Mode "ICS"]
[Result "1-0"]

1. e4 e5 2. Nf3 Nc6 3. d4 exd4 4. Bc4 h6 5. O-O Nf6 6. Nxd4 Bc5 7. Nxc6
bxc6 8. e5 Ne4 9. Qf3 d5 10. exd6 Nxd6 11. Qxc6+ Bd7 12. Re1+ Kf8 13. Qxc5
Kg8 14. Nc3 Nxc4 15. Qxc4 Be6 16. Qc5 Kh7 17. Bf4 Qf6 18. Qxc7 Rac8 19. Qe5
Qg6 20. Qe4 Bf5 21. Qf3 Bxc2 22. Re7 Rhe8 23. Rxa7 Rc4 24. Be3 Be4 25. Nxe4
Rexe4 26. Rxf7 Re6 27. Qf5 Rce4 28. Qxg6+ Kxg6 29. Rf3 Kh5 30. h3 g5 31. Rd1
Kh4 32. Kh2 g4 33. Rd5 gxf3 34. g3#
{Black checkmated} 1-0

[Event "Polar Bears 2nd Internal tourney"]
[Site "Free Internet Chess Server"]
[Date "2008.03.15"]
[Round "?"]
[White "Tusendus"]
[Black "Neodymium"]
[Result "0-1"]
[WhiteElo "1539"]
[BlackElo "1552"]
[ECO "C44"]
[TimeControl "1800+30"]

1. e4 e5 2. Nf3 Nc6 3. d4 exd4 4. Bc4 Bc5 5. c3 dxc3 6. Qb3 Qe7 7. Nxc3 h6 8. 
O-O Na5 9. Qa4 Nxc4 10. Qxc4 c6 11. Bf4 d6 12. Qa4 Bg4 13. e5 Bxf3 14. exd6 
Qf6 15. gxf3 Bxd6 16. Ne4 Qxf4 17. Nxd6+ Qxd6 18. Rad1 Qg6+ 19. Kh1 Nf6 20. 
Rfe1+ Kf8 21. Qb4+ Kg8 22. Qxb7 Kh7 23. Rg1 Qh5 24. Qxc6 Rhc8 25. Qa4 Qxf3+ 
26. Rg2 Qc6 27. Qh4 Rd8 28. Rg1 Rd6 29. Rf1 Rad8 30. Qg3 g6 31. Qb3 Kg7 32. 
f3 Rd3 33. Qb4 Rxf3 34. Qe1 Rxf1+ 35. Qxf1 Qd5 36. Kg1 Qd1 37. Re2 Qxf1+ 38. 
Kxf1 Nd5 39. Kf2 Nf4 40. Rc2 Rb8 41. Kg3 Nd3 42. b3 h5 43. h4 Nb4 44. Re2 Rc8 
45. a3 Nd5 46. Rb2 Rc3+ 47. Kh2 Nf4 {Tusendus resigns} 0-1

[Event "Polar Bears 2nd Internal tourney"]
[Site "FICS, San Jose, California USA"]
[Date "2008.03.01"]
[Time "14:09:36"]
[Round "-"]
[White "Tusendus"]
[Black "Neodymium"]
[WhiteElo "1545"]
[BlackElo "1546"]
[TimeControl "1800+30"]
[Mode "ICS"]
[Result "1-0"]

1. e4 e5 2. Nf3 Nc6 3. d4 exd4 4. Bc4 Bc5 5. c3 a5 6. cxd4 Bb4+ 7. Nc3 Qf6
8. a3 Be7 9. Ng5 Nh6 10. Nd5 Qxd4 11. Nxc7+ Kd8 12. Nxa8 Qxc4 13. Qf3 Ne5
14. Qg3 Nd3+ 15. Kd2 Nxc1 16. Raxc1 Qd4+ 17. Ke2 Qxb2+ 18. Kd3 Qb5+ 19. Rc4
Bxg5 20. Qc7+ Ke7 21. Nb6 Re8 22. Nxc8+ Kf8 23. Nd6 Qb2 24. Rd1 Ng4 25. Rc2
Qxa3+ 26. Ke2 Bf4 27. Qxd7 Bxd6 28. Rxd6 Rxe4+ 29. Kf1 Nf6 30. Rc8+ Ne8
31. Rd1 Qe7 32. Qd5 a4 33. Rb8 Re5 34. Qxb7 Qxb7 35. Rxb7 Ra5 36. Ra1 Nd6
37. Rb4 a3 38. Ke2 Ke7 39. Kd2 Ke6 40. Kc3 Kd5 41. Ra2 Nb5+ 42. Kd3 f5 43. h4
h6 44. h5 Kc5 45. Rf4 Nd6 46. Kc3 Nb5+ 47. Kd3 Nd6 48. Rf3 Kd5 49. Ke2 Ke6
50. Rfxa3 Rxa3 51. Rxa3 Kf6 52. Ra6 Ke7 53. Ke3 Ne4 54. Kf4 Nxf2 55. Kxf5
Kf7 56. Ra7+ Kg8 57. Kg6 Kf8 58. Ra8+ Ke7 59. Kxg7 Ng4 60. Rg8 Nf6 61. Rh8
Nxh5+ 62. Kxh6 Nf4 63. g4 Ne6 64. g5 Nf8 65. g6 Kf6
{Black resigns} 1-0

[Event "Polar Bears 2nd Internal tourney"]
[Site "FICS, San Jose, California USA"]
[Date "2008.03.16"]
[Time "15:29:31"]
[Round "-"]
[White "DogGhost"]
[Black "Tusendus"]
[WhiteElo "1585"]
[BlackElo "1536"]
[TimeControl "1800+30"]
[Mode "ICS"]
[Result "1/2-1/2"]

1. e4 e5 2. Nf3 Nc6 3. d4 exd4 4. Bc4 Bc5 5. b3 Qf6 6. Bb2 Nh6 7. Na3 a6
8. O-O d6 9. Bd5 Bd7 10. Bxc6 Bxc6 11. Nxd4 Bxe4 12. Ndb5 Qxb2 13. Nxc7+
Kd7 14. Nxa8 Qxa3 15. Re1 Bf5 16. Qf3 Qb4 17. a3 Qb5 18. c4 Qc6 19. Nb6+
Bxb6 20. Qxc6+ Kxc6 21. b4 Ng4 22. a4 Bxf2+ 23. Kf1 Bxe1 24. Rxe1 Nxh2+
25. Kg1 Ng4 26. Re7 Nh6 27. b5+ axb5 28. cxb5+ Kb6 29. a5+ Kxb5 30. Rxb7+
Kxa5 31. g4 Bxg4 32. Rxf7 Nxf7 33. Kf2 Re8 34. Kg3 h5 35. Kf4 g5+ 36. Kg3
Re2
{Game drawn by stalemate} 1/2-1/2

[Event "Polar Bears 2nd Internal tourney"]
[Site "Free Internet Chess Server"]
[Date "2008.03.16"]
[Round "-"]
[White "ALEXYAT"]
[Black "DogGhost"]
[Result "1-0"]
[WhiteElo "1619"]
[BlackElo "1583"]
[ECO "C44"]
[TimeControl "1800+30"]

1. e4 e5 2. Nf3 Nc6 3. d4 exd4 4. Bc4 Bc5 5. c3 dxc3 6. Nxc3 Bb4 7. Ng5 Nh6 
8. O-O Bxc3 9. bxc3 Ne5 10. Bb3 d6 11. f4 Neg4 12. h3 c6 13. hxg4 Bxg4 14. 
Bxf7+ Kf8 15. Qb3 Qb6+ 16. Qxb6 axb6 17. Be6 Bxe6 18. Nxe6+ Ke7 19. f5 g6 20. 
Bxh6 gxf5 21. exf5 d5 22. Rae1 Rag8 23. Bg7 Rxg7 24. Nxg7+ Kf6 25. Ne6 Re8 
26. Nd4 Re4 27. Rxe4 dxe4 28. Re1 c5 29. Nb5 Ke5 30. f6 Kxf6 31. Rxe4 h5 32. 
Kf2 Kf5 33. Kf3 c4 34. Nd6+ Kg5 35. Nxc4 h4 36. Nxb6 h3 37. gxh3 Kf5 38. Nd7 
b5 39. Re5+ Kg6 40. Kg4 b4 41. cxb4 Kf7 42. Kf5 Kg7 43. Re7+ Kh8 44. Kg6 Kg8 
45. Re8#
{Black checkmated} 1-0

[Event "Polar Bears 2nd Internal tourney"]
[Site "Free Internet Chess Server"]
[Date "2008.03.16"]
[Round "-"]
[White "DogGhost"]
[Black "ALEXYAT"]
[WhiteElo "1569"]
[BlackElo "1626"]
[ECO "C44"]
[TimeControl "1800+30"]
[Result "1/2-1/2"]

1. e4 e5 2. Nf3 Nc6 3. d4 exd4 4. Bc4 Bc5 5. b3 Nf6 6. Ba3 Bxa3 7. Nxa3 Qe7 
8. Nb1 Qxe4+ 9. Qe2 Qxe2+ 10. Bxe2 O-O 11. O-O d6 12. Rd1 Bf5 13. Na3 Rae8 
14. Bd3 Bxd3 15. Rxd3 Re2 16. Nxd4 Nxd4 17. Rxd4 Rfe8 18. Kf1 d5 19. Nb5 Rxc2 
20. Nxa7 Ree2 21. Rf4 Rxa2 22. Rxa2 Rxa2 23. Nb5 c6 24. Nd6 b5 25. Rf3 Kf8 
26. Rc3 Ra6 27. g4 c5 28. Nxb5 Nxg4 29. h3 Ne5 30. Rxc5 Rc6 31. Rxd5 f6 32. 
Na7 Rb6 33. Rb5 Rxb5 34. Nxb5 Ke7 35. Ke2 Kd7 36. Ke3 Kc6 37. Nd4+ Kd5 38. b4 
Nc6 39. Nxc6 Kxc6 40. Kd4 {Game drawn by mutual agreement} 1/2-1/2

[Event "Polar Bears 2nd Internal tourney"]
[Site "Free Internet Chess Server"]
[Date "2008.03.23"]
[Round "-"]
[White "ALEXYAT"]
[Black "Neodymium"]
[Result "0-1"]
[WhiteElo "1639"]
[BlackElo "1569"]
[ECO "C44"]
[TimeControl "1800+30"]

1. e4 e5 2. Nf3 Nc6 3. d4 exd4 4. Bc4 Bc5 5. c3 dxc3 6. Nxc3 h6 7. O-O Nge7 
8. Nd5 O-O 9. a3 Na5 10. Ba2 Nac6 11. b4 Bd6 12. Re1 Ne5 13. Bb2 N7g6 14. 
Nxe5 Bxe5 15. Bxe5 Nxe5 16. f4 Ng6 17. Qd4 d6 18. f5 Ne5 19. Re3 Ng4 20. Rg3 
Qh4 21. Rh3 Qd8 22. Nf4 Qf6 23. Qd1 Qe5 24. Ng6 Qxe4 25. Nxf8 Kxf8 26. Qf3 
Qd4+ {ALEXYAT resigns} 0-1

[Event "Polar Bears 2nd Internal tourney"]
[Date "2008.03.24"]
[Round "-"]
[White "Neodymium"]
[Black "ALEXYAT"]
[Result "0-1"]
[WhiteElo "1579"]
[BlackElo "1629"]
[ECO "C44"]
[TimeControl "1800+30"]

1. e4 e5 2. Nf3 Nc6 3. d4 exd4 4. Bc4 Bb4+ 5. Bd2 Bxd2+ 6. Qxd2 Nf6 7. Nxd4 
Ne5 8. Bd3 O-O 9. O-O d6 10. Qe3 Re8 11. Nd2 Bd7 12. N2f3 Nxd3 13. cxd3 d5 
14. Nd2 c5 15. N4f3 b6 16. b3 Bb5 17. Rfd1 d4 18. Qe2 Nd5 19. Qf1 Nc3 20. 
Rdc1 Nxe4 21. Nxe4 Rxe4 22. dxe4 Bxf1 23. Kxf1 Qd7 24. Kg1 Re8 25. e5 Qf5 26. 
h3 g5 27. Rd1 h5 28. Re1 g4 29. hxg4 hxg4 30. Nh2 Rxe5 31. Rxe5 Qxe5 32. Nxg4 
Qe2 33. Nf6+ Kg7 34. Nd5 b5 35. Nc7 c4 36. Nxb5 cxb3 37. Nxd4 b2 38. Rb1 Qd3 
39. Nf5+ Qxf5 40. Rxb2 Qe5 41. Rb7 Qa1+ 42. Kh2 Qxa2 43. Rb4 Qxf2 44. Rg4+ 
Kf8 45. Rc4 a5 46. Rc8+ Kg7 47. Ra8 Qf4+ 48. Kh1 a4 49. Ra7 a3 50. Rxa3 Qc1+ 
{Neodymium resigns} 0-1